 Dungeon Crawl Stone Soup version 0.31-a0-175-g9f7f995f2b (webtiles) character file.

Game seed: 17097751586787138610

112784 billz999 the Bludgeoner (level 16, -7/104 HPs)
             Began as a Vine Stalker Chaos Knight on June 14, 2023.
             Was the Champion of Jiyva.
             Mangled by Ilsuiw
             ... wielding a +5 trident of freezing
              (8 damage)
             ... on level 2 of the Shoals on June 16, 2023.
             The game lasted 01:07:15 (22369 turns).

billz999 the Bludgeoner (VSCK)                     Turns: 22369, Time: 01:07:16

Health: -7/104     AC: 25    Str: 20    XL:     16   Next: 26%
Magic:  0/20       EV:  8    Int: 19    God:    Jiyva [******]
Gold:   977        SH:  0    Dex: 20    Spells: 14/19 levels left

rFire   + . .        J - +7 great mace "Dragonslayer" {freeze, rC- rN+ Dex+4 SInv}
rCold   + + .        (shield currently unavailable)
rNeg    + . .        M - +9 scales of the Dragon King {rPois rF+ rC+ Will+}
rPois   +            (no helmet)
rElec   .            (no cloak)
rCorr   +            V - +2 pair of gloves
SInv    +            (boots unavailable)
Will    +++..        I - amulet of magic regeneration Stlth
                     e - +4 ring of slaying
HPRegen 3.57/turn    R - +5 ring of evasion
MPRegen 1.07/turn

%: guardian spirit
@: calling ooze, very slow
A: fangs 3, regeneration 2, magic shield, antimagic bite, no potion heal 2,
talons 3, agile 1, clever 2, cold resistance 2, robust 1, eyeballs 1,
translucent skin 3, tendrils, jelly sensing items
}: 1/15 runes: slimy
a: Renounce Religion, Oozemancy, Slimify


You were on level 2 of the Shoals.
You worshipped Jiyva.
Jiyva was exalted by your worship.
You visited 5 branches of the dungeon, and saw 29 of its levels.

You collected 1999 gold pieces.
You spent 1022 gold pieces at shops.

Inventory:

Hand Weapons
 a - the +7 flail "Nonnotik" {heavy, Int+8}
   (You found it on level 5 of the Lair of Beasts)

   Int:       It affects your intelligence (+8).
 J - the +7 great mace "Dragonslayer" (weapon) {freeze, rC- rN+ Dex+4 SInv}
   (You acquired it on level 3 of the Lair of Beasts)

   Dex:       It affects your dexterity (+4).
   rC:        It makes you vulnerable to cold.
   rN:        It protects you from negative energy.
   SInv:      It lets you see invisible.
 N - a +2 battleaxe of electrocution
Missiles
 S - 83 stones
 X - a throwing net
Armour
 H - the +3 scale mail "Qutucu" {rElec Int-5 Stlth+}
   (You found it on level 6 of the Dungeon)

   Int:       It affects your intelligence (-5).
   rElec:     It insulates you from electricity.
   Stlth:     It makes you more stealthy.
 M - the +9 scales of the Dragon King (worn) {rPois rF+ rC+ Will+}
   (You found it on level 5 of the Pits of Slime)

   rF:        It protects you from fire.
   rC:        It protects you from cold.
   rPois:     It protects you from poison.
   Will:      It increases your willpower.
 V - a +2 pair of gloves (worn)
Magical Staves
 j - the staff of earth "Petetir" {rF+ Dex+5}
   (You found it on level 5 of the Pits of Slime)

   [staff of earth]

   Base accuracy: +5 Base damage: 5 Base attack delay: 1.2 This weapon's minimum
   attack delay (0.6) is reached at skill level 12.
   Dex:       It affects your dexterity (+5).
   rF:        It protects you from fire.
   It falls into the 'Staves' category.
   It is a one-handed weapon.
Jewellery
 e - a +4 ring of slaying (left hand)
 i - a ring of willpower
 l - a ring of fire
 s - a ring of positive energy
 G - the ring "Owounam" {rF+ rN+ Int+3 Dex+6}
   (You found it on level 5 of the Pits of Slime)

   [ring of dexterity]

   Int:       It affects your intelligence (+3).
   Dex:       It affects your dexterity (+6).
   rF:        It protects you from fire.
   rN:        It protects you from negative energy.
 I - an amulet of magic regeneration (around neck)
 O - a ring of protection from cold
 R - a +5 ring of evasion (right hand)
 Y - a ring of magical power
Wands
 b - a wand of mindburst (3)
 F - a wand of roots (2)
 P - a wand of flame (26)
 U - a wand of charming (4)
Scrolls
 f - 3 scrolls of revelation
 g - a scroll of silence {unknown}
 m - 8 scrolls of teleportation
 r - 3 scrolls of vulnerability
 t - 3 scrolls of enchant armour
 u - 2 scrolls of poison {unknown}
 w - a scroll of summoning {unknown}
 x - 5 scrolls of immolation
 y - 2 scrolls of brand weapon {unknown}
 C - a scroll of fog {unknown}
 E - 3 scrolls of blinking {unknown}
 L - a scroll of torment
Potions
 d - 2 potions of berserk rage
 h - a potion of attraction {unknown}
 k - 6 potions of heal wounds
 n - 5 potions of might
 o - a potion of degeneration
 p - 2 potions of resistance
 q - 3 potions of cancellation
 v - 5 potions of brilliance
 z - 4 potions of curing
 A - a potion of invisibility {unknown}
 D - a potion of ambrosia
 K - a potion of mutation {unknown}
 T - 3 potions of lignification {unknown}
 Z - 2 potions of haste {unknown}
Miscellaneous
 c - a piece from Xom's chessboard (15/15) (quivered)
 B - a lightning rod (4/4)
 Q - a phial of floods


   Skills:
 + Level 15.6 Fighting
 * Level 19.6 Maces & Flails
 - Level 3.5 Ranged Weapons
 - Level 3.0 Armour
 - Level 2.6 Dodging
 - Level 2.0 Spellcasting
 - Level 3.5 Conjurations
 - Level 3.5 Air Magic
 - Level 3.5 Poison Magic


You had 14 spell levels left.
You knew the following spells:

 Your Spells              Type           Power      Damage    Failure   Level
a - Mephitic Cloud        Conj/Pois/Air  15%        N/A       100%        3
b - Passwall              Tmut/Erth      0%         N/A       100%        2

Your spell library contained the following spells:

 Spells                   Type           Power      Damage    Failure   Level
 Apportation              Tloc           2%         N/A       100%        1
 Foxfire                  Conj/Fire      32%        2x1d5     100%        1
 Kiss of Death            Conj/Necr      32%        2d7       100%        1
 Magic Dart               Conj           60%        1d6       100%        1
 Sandblast                Erth           2%         2d4       100%        1
 Slow                     Hex            4%         N/A       100%        1
 Summon Small Mammal      Summ           4%         N/A       100%        1
 Call Imp                 Summ           2%         N/A       100%        2
 Call Canine Familiar     Summ           1%         N/A       100%        3
 Confusing Touch          Hex            1%         N/A       100%        3
 Ignite Poison            Fire/Tmut/Pois 6%         N/A       100%        3
 Portal Projectile        Hex/Tloc       2%         N/A       100%        3
 Summon Guardian Golem    Hex/Summ       1%         N/A       100%        3
 Vampiric Draining        Necr           1%         2d6       100%        3
 Vhi's Electric Charge    Tloc/Air       16%        N/A       100%        3
 Dispel Undead            Necr           1%         3d6       100%        4
 Sticky Flame             Conj/Fire      8%         2d3       100%        4
 Alistair's Intoxication  Tmut/Pois      5%         N/A       100%        5
 Arcjolt                  Conj/Air       7%         1d17      100%        5
 Fireball                 Conj/Fire      4%         3d4       100%        5
 Leda's Unmaking          Conj/Erth      4%         9d2       100%        6
 Plasma Beam              Fire/Air       4%         2x1d14    100%        6
 Starburst                Conj/Fire      4%         6d3       100%        6
 Statue Form              Tmut/Erth      0%         N/A       100%        6
 Maxwell's Capacitive Co  Air            7%         ∞         100%        8


Dungeon Overview and Level Annotations

Branches:
Dungeon (15/15)            Temple (0/1) D:5            Lair (5/5) D:8
 Shoals (2/4) Lair:2        Snake (0/4) Lair:2        Slime (5/5) Lair:4
    Orc (2/2) D:11            Elf (0/3) Orc:2        Vaults (0/5) D:13
 Depths (0/4) D:15

Altars:
Ashenzari
Cheibriados
Elyvilon
Gozag
Hepliaklqana
Makhleb
Qazlal
Ru
Sif Muna
Trog
Wu Jian
Xom
Yredelemnul
Zin
Jiyva
Lugonu

Shops:
D:4 [   D:10 [   D:15 **   Orc:2 [:(*

Portals:
Abyss: Lair:5

Annotations:
Shoals:1 1 runed translucent door, Juakinleluo's ghost, adept HOFE
Shoals:2 Ilsuiw
Slime:5 Royal Jelly
Orc:1 1 transporter


Innate Abilities, Weirdness & Mutations

You have razor-sharp teeth.
You heal very quickly.
When hurt, damage is shared between your health and your magic reserves.
Your bite disrupts and absorbs the magic of your enemies.
Potions cannot restore your health.
You have claws for feet.
You are agile. (Dex +4, Str/Int -1)
Your mind is very acute. (Int +8, Str/Dex -2)
Your flesh is very cold resistant. (rC++)
You are robust. (+10% HP)
Your body has grown eyes which may confuse attackers. (Acc +3)
Your transparent skin significantly reduces your foes' accuracy. (Stealth+)
You are covered in slimy tendrils that may disarm your opponents.
You have a small jelly attached to you that senses nearby items.


Message History

Slime begins to ooze from the nearby walls!
The merfolk aquamancer gestures wildly while chanting.
The merfolk aquamancer blinks!
The walls burn the water elemental!
The merfolk javelineer throws a javelin.
The javelin pierces through you but does no damage.
Ilsuiw hits you from afar with a +5 trident of freezing!
* * * LOW HITPOINT WARNING * * *
Ilsuiw freezes you.
* * * LOW HITPOINT WARNING * * *
The wall burns the merfolk aquamancer!
It was a potion of ambrosia.
You are confused.
Your system rejects the healing.
You feel invigorated.
A merfolk impaler comes into view. It is wielding a +2 trident of venom.
The wall burns the water elemental!
The water elemental misses you.
A water nymph comes into view.
Ilsuiw hits you but does no damage.
The wall burns the water elemental!
The merfolk aquamancer gestures at you while chanting.
The shard of ice hits you!! You partially resist.
* * * LOW HITPOINT WARNING * * *
Unknown command.
Your unstable footing causes you to fumble your attack.
A merfolk aquamancer comes into view. It is wielding a +0 rapier.
Ilsuiw hits you from afar with a +5 trident of freezing.
The wall burns the water elemental! x2; The water elemental hits you!
* * * LOW HITPOINT WARNING * * *
You pound the water elemental like an anvil!!!
You freeze the water elemental!
You destroy the water elemental!
The water elemental disappears in a puff of smoke!
The wall burns the water elemental!
The merfolk aquamancer barely misses you.
You are too confused!
Your system rejects the healing.
You feel better.
You feel less invigorated. The water nymph casts a spell at you.
The water swirls and strikes you!!
* * * LOW HITPOINT WARNING * * *
Ilsuiw hits you from afar with a +5 trident of freezing!
You die...
Xom titters!

~~~~..~~..~~~~~..
~~~~~.....~~~~~~..
~~~~~~..~~~m~~~~~~
~~~~~~~~~~~~m~~~~~
≈≈≈~~~~~~~m~≈≈~~~~
≈≈≈≈≈~~~~~~~m≈≈≈≈≈≈≈≈≈≈≈≈≈
~≈≈≈≈~~..Em~≈≈≈≈≈≈≈≈≈≈≈≈≈≈
~≈≈≈≈~~##§Em~~~≈≈≈≈≈≈≈≈≈≈≈
~~~≈≈~~..m@~~~~≈≈≈≈≈≈≈≈≈≈≈
~~~≈≈~~~~~~~~~~≈~~~~≈≈≈≈≈≈
~~~≈≈~~~~~~~~~~~~~~~~≈≈≈≈≈
~~~≈≈~~~~~~~~~~..~~~~~≈≈≈≈
~~≈≈≈~~.~~^~....(.<~~≈≈≈≈≈
~≈≈≈~~.##...#.###..~~≈≈≈≈
≈≈≈≈~~##..~..>###..~~≈≈≈≈
≈≈≈≈~~...~~~~..##..~~~≈≈≈
≈≈≈≈~~~~~~~~~~.....~~~≈≈≈


You could see Ilsuiw, a merfolk impaler, a merfolk javelineer, 3 merfolk
aquamancers, 2 water elementals and a water nymph.

Vanquished Creatures
  Kirke (Shoals:1)
  A very ugly thing (D:15)
  An orc warlord (Orc:2)
  Nessos (D:14)
  Azrael (D:14)
  2 entropy weavers (shapeshifter)
  2 merfolk impalers (Shoals:1)
  5 vault guards
  Erolcha (D:13)
  An ice dragon (D:12)
  A rakshasa (D:15)
  2 catoblepae (D:15)
  An ogre mage (D:15)
  8 hydras
  A centaur warrior (D:15)
  8 two-headed ogres
  2 merfolk avatars (Shoals:1)
  4 boulder beetles
  4 death yaks
  4 thrashing horrors (Lair:5)
  2 orc high priests (Orc:2)
  2 skysharks
  Amaemon (Lair:3)
  2 sea snakes (Shoals:1)
  A large abomination (Lair:5)
  3 orc knights
  A deep elf pyromancer (D:15)
  A phantasmal warrior (D:14)
  A lindwurm (Lair:5)
  7 orc sorcerers
  14 ugly things
  2 cyclopes
  6 manticores
  6 black mambas
  15 elephants
  A water nymph (Shoals:1)
  A smoke demon (Lair:5)
  A cane toad (shapeshifter) (D:15)
  A merfolk siren (Shoals:1)
  An orange demon (Lair:3)
  10 cane toads
  A torpor snail (Lair:1)
  3 rime drakes
  2 unseen horrors (D:12)
  An unseen horror (shapeshifter) (D:15)
  Psyche (D:11)
  A kobold demonologist (D:11)
  6 komodo dragons
  A freezing wraith (D:14)
  2 efreet
  An ancient zyme (Lair:5)
  7 trolls
  2 merfolk
  4 polar bears
  A dream sheep (Shoals:1)
  2 wind drakes (Shoals:1)
  4 hornets
  14 blink frogs (Lair:5)
  2 snapping turtles (Shoals:1)
  A raiju (Lair:1)
  Sigmund (D:3)
  4 centaur simulacra (D:12)
  2 water elementals (D:12)
  A spriggan (Lair:5)
  2 ynoxinuls (Lair:5)
  4 fire elementals (D:14)
  A shadow (D:12)
  5 wraiths
  2 vampires
  A yak (shapeshifter) (Lair:5)
  49 yaks
  9 wyverns
  2 chaos spawn (Lair:5)
  6 vampire mosquitoes
  10 basilisks
  2 steam dragons
  A swamp worm (D:8)
  4 wargs
  10 water moccasins
  3 hell hounds (D:14)
  27 orc warriors
  3 ice beasts (D:12)
  A hornet zombie (D:6)
  4 black bears
  3 boggarts (D:14)
  10 ogres
  10 wolves
  A centaur (D:8)
  9 small abominations (Lair:5)
  A phantom (D:5)
  A lemure (D:2)
  13 bullfrogs
  2 kobold brigands
  A gnoll sergeant (D:7)
  A necrophage (D:6)
  4 scorpions
  2 water moccasin zombies (D:6)
  13 wights
  12 killer bees
  4 electric eels
  2 vampire bats (D:13)
  8 howler monkeys
  A human zombie (D:6)
  16 orc priests
  4 hounds
  2 bullfrog zombies (D:6)
  A gnoll bouda (D:6)
  5 iguanas
  Jessica (D:2)
  19 orc wizards
  7 hell rats (Lair:3)
  4 killer bee zombies (D:6)
  13 gnolls
  3 adders
  5 white imps
  An ufetubus (D:6)
  63 orcs
  5 ball pythons
  11 bats
  11 endoplasms
  2 giant cockroaches
  4 goblins
  4 hobgoblins
  3 jackals (D:1)
  11 kobolds
  A quokka (D:3)
  3 frilled lizards
  6 rats
643 creatures vanquished.

Vanquished Creatures (collateral kills)
  A hydra (Lair:4)
  A cane toad (Lair:4)
  A butterfly (Lair:4)
3 creatures vanquished.

Vanquished Creatures (others)
  2 vault guards (D:13)
  A death knight (D:14)
  A glowing orange brain (D:15)
  A deep elf pyromancer (D:14)
  A cyclops (shapeshifter) (D:15)
  A tengu conjurer (D:13)
  A polar bear (D:12)
  A dream sheep (Shoals:1)
  10 slime creatures
  A yak (D:12)
  35 jellies
  An ufetubus (D:12)
  An orc (D:13)
57 creatures vanquished.

Grand Total: 703 creatures vanquished

Notes
Turn   | Place    | Note
-------+----------+-------------------------------------------
     0 | D:1      | billz999 the Vine Stalker Chaos Knight began the quest for
                  | the Orb.
     0 | D:1      | Reached XP level 1. HP: 11/11 MP: 2/2
    63 | D:1      | Reached skill level 1 in Dodging
   134 | D:1      | Reached XP level 2. HP: 13/16 MP: 1/3
   328 | D:1      | XOM: silly message
   449 | D:1      | XOM: silly message
   528 | D:1      | XOM: scenery: 1 doors open
   808 | D:2      | Noticed Jessica
   877 | D:1      | XOM: god gift: ring of willpower
   884 | D:2      | XOM: butterfly on damage
   886 | D:2      | Killed Jessica
   887 | D:2      | Reached skill level 3 in Maces & Flails
   887 | D:2      | Reached XP level 3. HP: 10/20 MP: 2/4
  1063 | D:2      | Gained mutation: Your natural rate of healing is unusually
                  | fast. [Vine Stalker growth]
  1063 | D:2      | Reached XP level 4. HP: 24/24 MP: 5/5
  1072 | D:2      | Found a faded altar of an unknown god.
  1436 | D:2      | XOM: give mutation
  1436 | D:2      | Gained mutation: You are somewhat resistant to further
                  | mutation. [Xom's grace]
  1458 | D:3      | Noticed Sigmund
  1534 | D:3      | Killed Sigmund
  1535 | D:3      | Reached XP level 5. HP: 29/29 MP: 6/6
  1535 | D:3      | Reached XP level 6. HP: 33/33 MP: 7/7
  1592 | D:3      | Noticed Grinder
  1601 | D:3      | Grinder changed into Grinder the lemure
  1601 | D:3      | Noticed Grinder
  1601 | D:3      | XOM: polymorph Grinder -> Grinder the lemure
  1603 | D:3      | XOM: cleaving
  1623 | D:2      | Killed Grinder the lemure
  1686 | D:3      | XOM: divination: detect creatures
  1718 | D:3      | XOM: 1-stop teleportation journey
  1734 | D:3      | Reached skill level 4 in Maces & Flails
  1879 | D:3      | Learned a level 3 spell: Mephitic Cloud
  1932 | D:3      | XOM: scenery: create altars
  2210 | D:3      | Reached skill level 1 in Spellcasting
  2241 | D:3      | XOM: divination: detect creatures
  2399 | D:4      | Found Raocum's Antique Armour Shop.
  2520 | D:4      | XOM: give mutations
  2520 | D:4      | Lost mutation: You are somewhat resistant to further
                  | mutation. [Xom's grace]
  2520 | D:4      | Gained mutation: You have hidden genetic potential. [Xom's
                  | grace]
  2520 | D:4      | Gained mutation: You are partially covered in iridescent
                  | scales. (AC +2) [Xom's grace]
  2563 | D:4      | Reached skill level 1 in Conjurations
  2563 | D:4      | Reached skill level 1 in Air Magic
  2563 | D:4      | Reached skill level 1 in Poison Magic
  2563 | D:4      | Reached XP level 7. HP: 37/37 MP: 8/10
  2607 | D:4      | XOM: butterfly on damage
  2946 | D:4      | Found a hazy altar of Hepliaklqana.
  3318 | D:4      | XOM: god gift: 54 gold pieces
  3408 | D:4      | XOM: give mutation
  3408 | D:4      | Gained mutation: You expend magic power (3 MP) to
                  | strengthen your wands. [Xom's grace]
  3444 | D:5      | Entered Level 5 of the Dungeon
  3447 | D:5      | XOM: cleaving
  3450 | D:5      | XOM: enchant monster (good)
  3471 | D:5      | Gained mutation: You have sharp toenails. [hidden
                  | potential]
  3473 | D:5      | XOM: summons friendly crimson imp
  3498 | D:5      | Gained mutation: You have razor-sharp teeth. [Vine Stalker
                  | growth]
  3498 | D:5      | Reached XP level 8. HP: 42/42 MP: 10/12
  3785 | D:5      | Found a staircase to the Ecumenical Temple.
  3811 | D:5      | XOM: confuse monster(s)
  4052 | D:5      | Found an ornate altar of the Wu Jian Council.
  4094 | D:5      | Found a snail-covered altar of Cheibriados.
  4255 | D:6      | Identified the +3 scale mail "Qutucu" {rElec Int-5 Stlth+}
  4309 | D:6      | XOM: scenery: create altars
  4346 | D:6      | XOM: confuse monster(s)
  4429 | D:6      | Reached skill level 5 in Fighting
  4459 | D:6      | Found a burning altar of Makhleb.
  4555 | D:6      | XOM: cloud trail
  4661 | D:6      | Found a basalt altar of Yredelemnul.
  4666 | D:6      | Reached skill level 5 in Maces & Flails
  4673 | D:6      | Reached XP level 9. HP: 48/48 MP: 13/13
  4716 | D:6      | Gained mutation: You are mostly covered in iridescent
                  | scales. (AC +4) [hidden potential]
  4716 | D:6      | Lost mutation: You have hidden genetic potential. [hidden
                  | potential expressed]
  4859 | D:6      | Found a white marble altar of Elyvilon.
  4860 | D:6      | XOM: scenery: create altars
  5197 | D:7      | XOM: stealth player
  5224 | D:7      | XOM: give mutations
  5224 | D:7      | Lost mutation: You expend magic power (3 MP) to strengthen
                  | your wands. [Xom's mischief]
  5224 | D:7      | Gained mutation: You heal very quickly. [Xom's mischief]
  5299 | D:7      | XOM: destruction
  5372 | D:7      | Noticed a hornet
  5373 | D:7      | XOM: summons 4 friendly demons
  5376 | D:7      | Paralysed by a hornet for 3 turns
  5380 | D:7      | Killed a hornet
  5435 | D:7      | Reached skill level 6 in Maces & Flails
  5440 | D:7      | Found an opulent altar of Gozag.
  5533 | D:7      | Found a bloodstained altar of Trog.
  5600 | D:7      | XOM: confuse monster(s)
  5722 | D:7      | Found a glowing silver altar of Zin.
  5738 | D:7      | XOM: scenery: 1 doors close
  5782 | D:7      | Identified the +2 orcbow of Uncomfortable Rashes {flame,
                  | *Slow rElec Will++ Dex+2} (Xom gifted it to you on level 7
                  | of the Dungeon)
  5782 | D:7      | XOM: god gift: +2 orcbow of Uncomfortable Rashes {chaos,
                  | *Slow rElec Will++ Dex+2}
  5970 | D:7      | XOM: scenery: summon butterflies
  6049 | D:8      | Reached skill level 1 in Ranged Weapons
  6106 | D:8      | Reached XP level 10. HP: 54/56 MP: 14/14
  6156 | D:8      | Found a shimmering blue altar of Sif Muna.
  6186 | D:8      | Noticed a death yak
  6198 | D:8      | Noticed a death yak
  6201 | D:8      | Killed a death yak
  6201 | D:8      | Noticed a death yak
  6202 | D:8      | Reached skill level 7 in Maces & Flails
  6205 | D:8      | a death yak changed into a swamp worm
  6205 | D:8      | XOM: polymorph death yak -> swamp worm
  6206 | D:8      | Noticed a death yak
  6207 | D:8      | XOM: cleaving
  6208 | D:8      | Noticed a death yak
  6209 | D:8      | XOM: 1-stop teleportation journey
  6243 | D:8      | XOM: enchant monster (good)
  6256 | D:7      | Killed a death yak
  6407 | D:8      | XOM: scenery: 1 doors open
  6470 | D:8      | XOM: god gift: scroll labelled BUSACW MIAT TAOS {god gift}
  6503 | D:8      | XOM: 4-stop teleportation journey
  6567 | D:8      | Found a staircase to the Lair.
  6579 | D:8      | Found a sacrificial altar of Ru.
  6742 | D:8      | Noticed a two-headed ogre
  6745 | D:8      | XOM: summons friendly white imp
  6748 | D:8      | Killed a two-headed ogre
  6749 | D:8      | Reached skill level 8 in Maces & Flails
  6887 | D:9      | XOM: summons friendly quasit
  6889 | D:9      | Killed a death yak
  6905 | D:8      | Killed a death yak
  6906 | D:8      | Reached skill level 9 in Maces & Flails
  6906 | D:8      | Reached XP level 11. HP: 43/62 MP: 10/15
  7199 | D:9      | Found a broken altar of Ashenzari.
  7499 | D:9      | XOM: god gift: 9 stones
  7665 | D:9      | XOM: god gift: scroll of teleportation
  7772 | D:9      | Upgraded the game from 0.31-a0-167-g1c394c0614 to
                  | 0.31-a0-174-g85c54bcb58
  7803 | D:10     | Entered Level 10 of the Dungeon
  8208 | D:10     | Paralysed by a hornet for 3 turns
  8213 | D:10     | Paralysed by a hornet for 1 turns
  8243 | D:10     | Found a transporter.
  8247 | D:10     | Found Kith's Armour Shop.
  8249 | D:10     | Found a transporter.
  8533 | D:10     | XOM is BORED!
  8559 | D:10     | XOM: give mutations
  8559 | D:10     | Gained mutation: You are agile. (Dex +4, Str/Int -1) [Xom's
                  | grace]
  8559 | D:10     | Gained mutation: You passively dampen the noise of your
                  | surroundings. [Xom's grace]
  8559 | D:10     | Gained mutation: You have a pair of small horns on your
                  | head. [Xom's grace]
  8762 | D:10     | XOM: scenery: 3 doors close
  8854 | D:10     | XOM: 2-stop teleportation journey
  8950 | D:10     | Reached skill level 10 in Maces & Flails
  8978 | D:10     | Found a stormy altar of Qazlal.
  9212 | Lair:1   | Entered Level 1 of the Lair of Beasts
  9231 | D:8      | XOM: divination: detect items
  9235 | D:8      | XOM: give mutations
  9235 | D:8      | Gained mutation: You are very agile. (Dex +8, Str/Int -2)
                  | [Xom's grace]
  9235 | D:8      | Gained mutation: Your skin changes colour to match your
                  | surroundings (Stealth+). [Xom's grace]
  9235 | D:8      | Gained mutation: You possess an exceptional clarity of
                  | mind. [Xom's grace]
  9235 | D:8      | Gained mutation: You are robust. (+10% HP) [Xom's grace]
  9245 | D:8      | XOM: scenery: 1 doors close
  9304 | Lair:1   | XOM: divination: detect items
  9734 | Lair:1   | Found a hazy altar of Hepliaklqana.
  9783 | Lair:1   | Reached skill level 10 in Fighting
  9787 | Lair:1   | Noticed a manticore
  9794 | Lair:1   | Noticed a boulder beetle
  9799 | Lair:1   | XOM: cleaving
  9822 | Lair:1   | XOM: stat loss: -1 Str (16/17)
  9884 | Lair:1   | XOM: 6-stop teleportation journey
  9931 | Lair:1   | Reached skill level 11 in Maces & Flails
  9945 | Lair:1   | Killed a boulder beetle
  9954 | Lair:1   | Killed a manticore
 10115 | Lair:1   | XOM: polymorph basilisk -> raiju
 10447 | Lair:1   | Reached XP level 12. HP: 74/74 MP: 16/16
 11119 | Lair:2   | Reached skill level 12 in Maces & Flails
 11121 | Lair:2   | XOM: chaos cloud
 11193 | Lair:2   | XOM: give mutations
 11193 | Lair:2   | Gained mutation: Your mind is acute. (Int +4, Str/Dex -1)
                  | [Xom's grace]
 11193 | Lair:2   | Gained mutation: Your mind is very acute. (Int +8, Str/Dex
                  | -2) [Xom's grace]
 11193 | Lair:2   | Lost mutation: You have sharp toenails. [Xom's grace]
 11193 | Lair:2   | Gained mutation: You have large cloven feet. [Xom's grace]
 11193 | Lair:2   | Gained mutation: Your flesh is heat resistant. (rF+) [Xom's
                  | grace]
 11350 | Lair:2   | Noticed a skyshark
 11358 | Lair:2   | Killed a skyshark
 11370 | Lair:2   | Found a staircase to the Snake Pit.
 11584 | Lair:2   | Found a staircase to the Shoals.
 11665 | Lair:3   | Noticed a five-headed hydra
 11673 | Lair:3   | Killed a five-headed hydra
 11783 | Lair:3   | Noticed a six-headed hydra
 11784 | Lair:3   | XOM: cleaving
 11792 | Lair:3   | Killed a six-headed hydra
 11793 | Lair:3   | Reached skill level 13 in Maces & Flails
 11818 | Lair:3   | Noticed a four-headed hydra
 11828 | Lair:3   | Killed a four-headed hydra
 11837 | Lair:3   | XOM: potion effect (attraction)
 11895 | Lair:3   | Noticed Amaemon
 11900 | Lair:3   | Killed Amaemon
 11933 | Lair:3   | Identified a scroll of acquirement
 11934 | Lair:3   | Acquired the +7 great mace "Dragonslayer" {freeze, rC- rN+
                  | Dex+4 SInv}
 12121 | Lair:3   | Reached XP level 13. HP: 79/81 MP: 17/17
 12129 | Lair:3   | XOM: silly message
 12532 | Lair:4   | Reached skill level 14 in Maces & Flails
 12597 | Lair:4   | XOM: 2-stop teleportation journey
 12628 | Lair:4   | XOM: cast spell 'Summon Mana Viper'
 12770 | Lair:4   | XOM: scenery: create altars
 12871 | Lair:4   | XOM: give mutations
 12871 | Lair:4   | Lost mutation: You have large cloven feet. [Xom's grace]
 12871 | Lair:4   | Gained mutation: You have sharp toenails. [Xom's grace]
 12871 | Lair:4   | Gained mutation: You are somewhat resistant to further
                  | mutation. [Xom's grace]
 12875 | Lair:4   | Found a staircase to the Slime Pits.
 12879 | Lair:4   | Found a viscous altar of Jiyva.
 12880 | Lair:4   | XOM: summons friendly iron imp
 12891 | Lair:4   | XOM: scenery: summon butterflies
 12892 | Lair:4   | XOM: 1-stop teleportation journey
 12923 | Lair:4   | XOM: potion effect (berserk rage)
 12952 | Lair:4   | XOM: potion effect (brilliance)
 12978 | Lair:4   | Fell from the grace of Xom
 12978 | Lair:4   | Became a worshipper of Jiyva Jerathri the Shapeless
 13730 | Slime:1  | Entered Level 1 of the Pits of Slime
 13730 | Slime:1  | Noticed a great orb of eyes
 13735 | Slime:1  | Noticed a quicksilver ooze
 13737 | Slime:1  | Noticed an acid blob
 13738 | Slime:1  | Noticed an acid blob
 13744 | Slime:2  | Noticed an acid blob
 13753 | Slime:4  | XOM: noise
 13761 | Slime:4  | Noticed an azure jelly
 13764 | Slime:5  | Entered Level 5 of the Pits of Slime
 13771 | Slime:5  | Noticed an acid blob
 13772 | Slime:5  | Noticed a quicksilver ooze
 13777 | Slime:5  | Noticed a quicksilver ooze
 13787 | Slime:5  | Noticed the Royal Jelly
 13788 | Slime:5  | Found a viscous altar of Jiyva.
 13789 | Slime:5  | Noticed an acid blob
 13789 | Slime:5  | Noticed an azure jelly
 13789 | Slime:5  | Noticed an acid blob
 13790 | Slime:5  | Found the +9 scales of the Dragon King {rPois rF+ rC+
                  | Will+}
 13806 | Slime:5  | Noticed a rockslime
 13809 | Slime:5  | Noticed an azure jelly
 13828 | Slime:5  | Noticed a quicksilver ooze
 13846 | Slime:5  | Noticed a quicksilver ooze
 13847 | Slime:5  | Noticed an acid blob
 13847 | Slime:5  | Noticed a great orb of eyes
 13888 | Slime:2  | Noticed a rockslime
 13889 | Slime:2  | Noticed a rockslime
 13891 | Slime:1  | Noticed an acid blob
 13915 | Lair:5   | Entered Level 5 of the Lair of Beasts
 13985 | Lair:5   | Reached skill level 15 in Maces & Flails
 13998 | Lair:5   | XOM: god gift: inky potion {god gift}
 14021 | Lair:5   | Reached * piety under Jiyva
 14228 | Lair:5   | XOM: 3-stop teleportation journey
 14529 | Lair:5   | Reached ** piety under Jiyva
 14531 | Lair:5   | XOM: stat loss: -3 Dex (21/24)
 14631 | Lair:5   | XOM: polymorph blink frog -> shapeshifter
 14632 | Lair:5   | a shapeshifter changed into an entropy weaver
 14632 | Lair:5   | Noticed an entropy weaver (shapeshifter)
 14639 | Lair:5   | Killed an entropy weaver
 14640 | Lair:5   | Reached XP level 14. HP: 88/90 MP: 18/18
 14698 | Lair:5   | Reached skill level 16 in Maces & Flails
 14801 | Lair:5   | Found a corrupted altar of Lugonu.
 14801 | Lair:5   | Found a one-way gate to the infinite horrors of the Abyss.
 14891 | Lair:5   | Identified the +7 flail "Nonnotik" {heavy, Int+8}
 15452 | D:11     | Found a staircase to the Orcish Mines.
 15474 | D:11     | Noticed Psyche
 15480 | D:11     | Killed Psyche
 15607 | D:11     | Reached *** piety under Jiyva
 15698 | D:11     | Paralysed by a hornet for 2 turns
 15807 | D:11     | Lost mutation: You have a pair of small horns on your head.
                  | [Jiyva's grace]
 15807 | D:11     | Lost mutation: You are very agile. (Dex +8, Str/Int -2)
                  | [Jiyva's grace]
 15807 | D:11     | Lost mutation: You are somewhat resistant to further
                  | mutation. [Jiyva's grace]
 15807 | D:11     | Gained mutation: Your body has grown eyes which may confuse
                  | attackers. (Acc +3) [Jiyva's grace]
 15807 | D:11     | Gained mutation: Your body has grown many eyes which may
                  | confuse attackers. (Acc +5) [Jiyva's grace]
 15807 | D:11     | Gained mutation: Your body is covered in eyes which may
                  | confuse attackers. (Acc +7, SInv) [Jiyva's grace]
 15807 | D:11     | Gained mutation: You are covered in slimy tendrils that may
                  | disarm your opponents. [Jiyva's grace]
 15920 | D:11     | XOM: scenery: summon butterflies
 16199 | D:11     | XOM: polymorph jelly -> gnoll
 16205 | Orc:1    | Entered Level 1 of the Orcish Mines
 16279 | Orc:2    | Entered Level 2 of the Orcish Mines
 16290 | Orc:2    | XOM: noise
 16311 | Orc:2    | Found a staircase to the Elven Halls.
 16334 | Orc:2    | Found Icaokk's General Store.
 16354 | Orc:2    | XOM: noise
 16464 | Orc:2    | Found Taaditix's Antique Weapon Shoppe.
 16491 | Orc:2    | Noticed an orc warlord
 16553 | Orc:1    | XOM: silly message
 16629 | Orc:1    | Found a transporter.
 16666 | Orc:2    | XOM: noise
 16701 | Orc:2    | Reached skill level 17 in Maces & Flails
 16717 | Orc:2    | Found Wuar Kag's Book Shop.
 16831 | Orc:2    | Killed an orc warlord
 16836 | Orc:2    | Reached **** piety under Jiyva
 16844 | Orc:2    | Found Naytruic's Antique Armour Shoppe.
 16857 | Orc:2    | Bought an ancient orb for 490 gold pieces
 16857 | Orc:2    | Identified the orb of Nisoah {*channel, rN+} (You bought it
                  | in a shop on level 2 of the Orcish Mines)
 16999 | Orc:2    | XOM: silly message
 17573 | D:12     | XOM: noise
 17621 | D:12     | XOM: enchant monster (bad)
 17658 | D:12     | Reached ***** piety under Jiyva
 17913 | D:12     | Reached XP level 15. HP: 96/96 MP: 19/19
 18189 | D:12     | Lost mutation: You have sharp toenails. [Jiyva's grace]
 18189 | D:12     | Lost mutation: You are mostly covered in iridescent scales.
                  | (AC +4) [Jiyva's grace]
 18189 | D:12     | Lost mutation: You possess an exceptional clarity of mind.
                  | [Jiyva's grace]
 18189 | D:12     | Lost mutation: Your body is covered in eyes which may
                  | confuse attackers. (Acc +7, SInv) [Jiyva's grace]
 18189 | D:12     | Lost mutation: You passively dampen the noise of your
                  | surroundings. [Jiyva's grace]
 18189 | D:12     | Gained mutation: Your flesh is cold resistant. (rC+)
                  | [Jiyva's grace]
 18189 | D:12     | Gained mutation: Your flesh is very cold resistant. (rC++)
                  | [Jiyva's grace]
 18189 | D:12     | Gained mutation: Your flesh is almost immune to the effects
                  | of cold. (rC+++) [Jiyva's grace]
 18189 | D:12     | Gained mutation: You are very agile. (Dex +8, Str/Int -2)
                  | [Jiyva's grace]
 18404 | D:13     | Found a gate to the Vaults.
 18687 | D:13     | Reached skill level 18 in Maces & Flails
 18906 | D:13     | XOM: summons 1 hostile shadow creature
 18915 | D:13     | Noticed Erolcha
 18922 | D:13     | Killed Erolcha
 19171 | D:13     | Reached ****** piety under Jiyva
 19334 | D:13     | XOM: polymorph jelly -> glowing shapeshifter
 19439 | D:14     | XOM: 2-stop teleportation journey
 19468 | D:14     | Found an opulent altar of Gozag.
 19580 | D:14     | Noticed Azrael
 19580 | D:14     | Noticed Nessos
 19607 | D:14     | Killed Nessos
 19626 | D:14     | XOM: polymorph hell hound -> efreet
 19646 | D:14     | Killed Azrael
 19726 | D:14     | XOM: give mutations
 19726 | D:14     | Lost mutation: Your body has grown many eyes which may
                  | confuse attackers. (Acc +5) [Xom's mischief]
 19726 | D:14     | Lost mutation: Your flesh is heat resistant. (rF+) [Xom's
                  | mischief]
 19726 | D:14     | Lost mutation: You are very agile. (Dex +8, Str/Int -2)
                  | [Xom's mischief]
 19751 | D:14     | Lost mutation: You are partially covered in iridescent
                  | scales. (AC +2) [Jiyva's grace]
 19751 | D:14     | Lost mutation: Your skin changes colour to match your
                  | surroundings (Stealth+). [Jiyva's grace]
 19751 | D:14     | Gained mutation: You possess an exceptional clarity of
                  | mind. [Jiyva's grace]
 19751 | D:14     | Gained mutation: You have sharp toenails. [Jiyva's grace]
 19751 | D:14     | Gained mutation: You have razor-sharp toenails. [Jiyva's
                  | grace]
 19751 | D:14     | Gained mutation: You have claws for feet. [Jiyva's grace]
 19894 | D:14     | Reached skill level 15 in Fighting
 20235 | D:14     | XOM: stat loss: -2 Dex (18/20)
 20263 | D:15     | Entered Level 15 of the Dungeon
 20385 | D:15     | Found a staircase to the Depths.
 20385 | D:15     | XOM: 2-stop teleportation journey
 20457 | D:15     | Reached skill level 19 in Maces & Flails
 20481 | D:15     | XOM: summons 3 hostile shadow creatures
 20512 | D:15     | Found Lagos's Assorted Antiques.
 20556 | D:15     | Got the Omnibus of Causimancy and the Oath
 20609 | D:15     | XOM: draining
 20734 | D:15     | Reached XP level 16. HP: 65/100 MP: 13/20
 20827 | D:15     | Found Tiganaes's Pet Rocks.
 21013 | D:15     | Bought the Parchment of Bedrock for 532 gold pieces
 21016 | D:15     | Learned a level 2 spell: Passwall
 21296 | Slime:4  | Noticed an acid blob
 21337 | Slime:5  | Got a slimy rune of Zot
 21339 | Slime:5  | Identified the staff of earth "Petetir" {rF+ Dex+5}
 21349 | Slime:5  | Identified the ring "Owounam" {rF+ rN+ Int+3 Dex+6}
 21367 | Slime:5  | Identified the +7 arbalest "Atafrop" {drain, rElec Will++
                  | Str-5}
 21376 | Slime:5  | Identified the +1 chain mail "Juosieq" {Regen+ rCorr}
 21529 | Slime:5  | XOM: summons 6 hostile demons
 21529 | Slime:5  | Was forgiven by Xom
 21601 | Slime:5  | Noticed an azure jelly
 21706 | Shoals:1 | Entered Level 1 of the Shoals
 22117 | Shoals:1 | Found a runed translucent door.
 22129 | Shoals:1 | Noticed Juakinleluo's ghost (adept HOFE)
 22147 | Shoals:1 | Noticed Kirke
 22155 | Shoals:1 | Killed Kirke
 22327 | Shoals:2 | Lost mutation: You possess an exceptional clarity of mind.
                  | [Jiyva's grace]
 22327 | Shoals:2 | Lost mutation: Your flesh is almost immune to the effects
                  | of cold. (rC+++) [Jiyva's grace]
 22327 | Shoals:2 | Gained mutation: You have a small jelly attached to you
                  | that senses nearby items. [Jiyva's grace]
 22327 | Shoals:2 | Gained mutation: Your translucent skin slightly reduces
                  | your foes' accuracy. (Stealth+) [Jiyva's grace]
 22327 | Shoals:2 | Gained mutation: Your translucent skin reduces your foes'
                  | accuracy. (Stealth+) [Jiyva's grace]
 22327 | Shoals:2 | Gained mutation: Your transparent skin significantly
                  | reduces your foes' accuracy. (Stealth+) [Jiyva's grace]
 22359 | Shoals:2 | Noticed Ilsuiw
 22365 | Shoals:2 | Upgraded the game from 0.31-a0-174-g85c54bcb58 to
                  | 0.31-a0-175-g9f7f995f2b
 22366 | Shoals:2 | HP: 4/104 [merfolk aquamancer/shard of ice (16)]
 22369 | Shoals:2 | HP: 1/104 [water nymph/the raging water (8)]
 22369 | Shoals:2 | Mangled by Ilsuiw

Illustrated notes

Levels and vault maps discovered:
D:1:      minmay_arrival_hallway, layout_basic
D:2:      layout_rooms, dreamdust_ecumenical_altar_sealed_demon, uniq_jessica
D:3:      layout_loops_ring, uniq_grinder, uniq_sigmund
D:4:      layout_basic, mainiacjoe_overflow_alcove_1, serial_shops, shop
D:5:      layout_rooms, cheibriados_altar_1,
          nicolae_wu_jian_immortal_techniques, temple_pool_b,
          lemuel_flamethrower_2
D:6:      layout_basic, mainiacjoe_overflow_alcove_4, mainiacjoe_overflow_paths,
          lemuel_mausoleum_altar_yredelemnul, chequers_serial_rivers_micro_c
D:7:      layout_layer_cave, lemuel_doored_altar, mainiacjoe_overflow_brackets,
          mainiacjoe_overflow_catwalk, st_stairs_3
D:8:      layout_gridville, kennysheep_little_box,
          nicolae_overflow_crystal_walls, dpeg_lair_monsters
D:9:      layout_small_grid, mainiacjoe_overflow_tiny_flanked
D:10:     layout_roguey, lemuel_coloured_pillars_altar, serial_shops,
          nicolae_shop_drivethru, serial_rivers, chequers_serial_rivers_large_b,
          chequers_serial_rivers_micro_c, chequers_serial_rivers_large_a,
          chequers_serial_rivers_small_3, chequers_serial_rivers_micro_d
D:11:     layout_basic, orc_0_dummy, uniq_psyche
D:12:     layout_roguey, serial_ice, serial_ice_j, serial_ice_d, serial_ice_g,
          serial_ice_h, portal_ice_cave_entry_animals_and_master
D:13:     layout_stronghold, erik_vaults_2, roderic_batcave, uniq_erolcha
D:14:     layout_cave_pods, nicolae_gozag_seed_capital, uniq_azrael, uniq_nessos
D:15:     gammafunk_enter_depths_forms, layout_loops_ring, serial_shops,
          nicolae_shop_waterfront, guppyfry_shop_earth
Lair:1:   layout_gridlike, basic_altar, pdpol_lair_cavern_descent,
          serial_bayou_shore_b, infiniplex_staircase_pool
Lair:2:   layout_loops_ring, elwin_shoals_entry_rooms, dummy_snake_entry
Lair:3:   layout_misc_corridors, lemuel_fruit_fields, serial_bayou_shore_b,
          uniq_amaemon
Lair:4:   layout_long_grid, slime_entry_1, chequers_serial_rivers_room_b,
          lemuel_fruit_fields, grunt_megastairs_1
Lair:5:   hellmonk_lair_end_abyssal_woods, layout_regular_city, st_stairs_8,
          lemuel_fruit_tree, serial_bayou_shore_a
Shoals:1: layout_shoals, ebering_ghost_inner_flame, uniq_kirke
Shoals:2: layout_shoals, nicolae_splish_splash, uniq_ilsuiw, uniq_polyphemus,
          uniq_frances
Slime:1:  layout_caves
Slime:2:  layout_caves
Slime:3:  layout_caves, nicolae_slime_welcoming_committee
Slime:4:  cheibrodos_slime_lost_civilization_8, layout_caves, uniq_dissolution
Slime:5
Orc:1:    emtedronai_trogs_sanctum, layout_caves
Orc:2:    grunt_orc_gardens, layout_diamond_mine, grunt_orc_garden,
          grunt_orc_garden, grunt_orc_garden, grunt_orc_garden,
          minmay_orc_barracks

Skill      XL: |  1  2  3  4  5  6  7  8  9 10 11 12 13 14 15 |
---------------+----------------------------------------------+-----
Dodging        | 1 2 |  2.6
Fighting       | 3 4 5 7 9 10 11 13 14 15 | 15.6
Maces & Flails | 3 4 5 6 9 11 13 15 17 19 | 19.6
Armour         | 2 3 |  3.0
Spellcasting   | 1 2 |  2.0
Conjurations   | 1 2 3 |  3.5
Air Magic      | 1 2 3 |  3.5
Poison Magic   | 1 2 3 |  3.5
Ranged Weapons | 3 |  3.5

Action                     |  1- 3 |  4- 6 |  7- 9 | 10-12 | 13-15 | 16-18 || total
---------------------------+-------+-------+-------+-------+-------+-------++-------
  Melee: Mace              |    45 |    80 |    61 |       |       |       ||   186
         Bite              |    10 |    16 |    41 |    82 |   251 |    27 ||   427
         Punch             |       |     3 |     1 |     3 |       |       ||     7
         Kick              |       |       |    37 |    75 |   224 |    29 ||   365
         Morningstar       |       |       |    80 |   234 |       |       ||   314
         Headbutt          |       |       |       |    36 |    70 |       ||   106
         Great mace        |       |       |       |    18 |   743 |    91 ||   852
   Fire: Orcbow            |       |       |    22 |       |       |       ||    22
 Invoke: Oozemancy         |       |       |       |       |       |     1 ||     1
  Evoke: Piece from Xom's  |       |     3 |     3 |     2 |     4 |       ||    12
         Wand              |       |       |     1 |     6 |     1 |     1 ||     9
         Phial of floods   |       |       |       |     2 |     1 |       ||     3
    Use: Scroll            |       |       |     6 |     9 |     7 |     1 ||    23
         Potion            |       |       |       |       |       |     2 ||     2
   Stab: Sleeping          |       |     1 |       |     1 |    10 |       ||    12
         Confused          |       |       |     1 |       |     5 |     2 ||     8
         Distracted        |       |       |     1 |     1 |     1 |       ||     3
 Armour: Leather armour    |    11 |       |       |       |       |       ||    11
         Robe              |       |    11 |    18 |       |       |       ||    29
         Scale mail        |       |       |    49 |   126 |   270 |       ||   445
         Skin              |       |       |       |     1 |       |       ||     1
         Gold dragon scale |       |       |       |       |       |    76 ||    76
  Dodge: Dodged            |    28 |    42 |   117 |   230 |   523 |    47 ||   987

Table legend: (Time is in decaauts)
 A = Elapsed time spent in this place.
 B = Non-inter-level travel time spent in this place.
 C = Inter-level travel time spent in this place.
 D = Time resting spent in this place.
 E = Time spent auto-exploring this place.
 F = Levels seen in this place.
 G = Mean time per level.
                   A        B        C        D        E       F      G
               +--------+--------+--------+--------+--------+-----+--------+
         Total |  22708 |  20682 |   2026 |   2486 |  13025 |  29 |  783.0 |
       Dungeon |  14437 |  13163 |   1274 |   1349 |   8911 |  15 |  962.5 |
          Lair |   5866 |   5386 |    480 |   1083 |   2971 |   5 | 1173.2 |
        Shoals |    703 |    676 |     27 |     23 |    394 |   2 |  351.5 |
    Slime Pits |    542 |    375 |    167 |      0 |    153 |   5 |  108.4 |
  Orcish Mines |   1159 |   1082 |     77 |     31 |    595 |   2 |  579.5 |
               +--------+--------+--------+--------+--------+-----+--------+

Top non-repeatable levels by time:
  Lair:1: 1534 daAuts
    D:10: 1462 daAuts
  Lair:5: 1405 daAuts
     D:8: 1232 daAuts
     D:4: 1146 daAuts
  Lair:2: 1056 daAuts
     D:6: 1041 daAuts
    D:13: 1027 daAuts
  Lair:3: 962 daAuts
    D:12: 949 daAuts
     D:7: 945 daAuts
  Lair:4: 908 daAuts
     D:3: 904 daAuts
     D:1: 903 daAuts
    D:14: 865 daAuts
